Cogmind - Beta 12 @@@ ROGUE MODE // 2024.02.15 @ 19:06:16 Player: %41THX3142 Result: Destroyed by G-34 Mercenary with Small Laser Performance ------------- Evolutions (1) 500 Regions Visited (2) 400 Robots Destroyed (57) 285 Value Destroyed (1107) 1107 Prototype IDs (4) 80 Alien Tech Used (0) 0 Bonus (0) 0 TOTAL SCORE: 2372 Bonus ------- None Cogmind --------- Core Integrity 0/400 Matter 285/300 Energy 125/125 System Corruption 1% Temperature Cool (6) Movement Rolling (95) Ox1 Location -9/Materials Parts ------- > --- POWER (1) -------- Light Ion Engine > --- PROPULSION (2) --- Wheel Wheel > --- UTILITY (4) ------ Large Storage Unit Sensor Array Signal Interpreter Power Shielding > --- WEAPON (2) ------- Heavy Assault Rifle > --- INVENTORY (15) --- Ion Engine Wheel Medium Matter Pod (100) Visual Processing Unit Sensor Array Signal Interpreter Improved Terrain Scanner Weapon Shielding Heavy EM Pulse Gun Heavy EM Pulse Gun Improved EM Shotgun Improved Medium Laser Heavy Assault Rifle Grenade Launcher Hammer Peak State ------------ > --- POWER ------------ Ion Engine > --- PROPULSION ------- Wheel Wheel > --- UTILITY ---------- Large Storage Unit Signal Interpreter Improved Terrain Scanner Power Shielding > --- WEAPON ----------- Improved Medium Laser Light EM Pulse Cannon > --- INVENTORY -------- Ion Engine Ion Engine Light Ion Engine Medium Matter Pod Weapon Shielding EM Pulse Gun Small Laser Small Laser Beam Rifle Light EM Pulse Cannon Grenade Launcher Hammer [Rating: 15] Favorites ----------- Power Ion Engine Engine Ion Engine Propulsion Wheel Wheel Wheel Utility Large Storage Unit Device Seismic Detector Storage Large Storage Unit Processor Signal Interpreter Protection Power Shielding Weapon Light Assault Rifle Energy Gun Beam Rifle Energy Cannon Light EM Pulse Cannon Ballistic Gun Light Assault Rifle Ballistic Cannon Light Cannon Launcher Grenade Launcher Build | -11 -10 -9 ------- Run | Jun Mat Mat Slots Evolved 2 | . . 2 Power . | . . . Propulsion . | . . . Utility 2 | . . 2 Weapon . | . . . Parts Attached 59 | 8 18 33 Power 8 | 1 4 3 Engine 8 | 1 4 3 Core . | . . . Reactor . | . . . Propulsion 12 | 2 4 6 Treads . | . . . Leg . | . . . Wheel 12 | 2 4 6 Hover . | . . . Flight . | . . . Utility 15 | 3 2 10 Device 7 | 2 . 5 Storage 3 | 1 1 1 Processor 2 | . 1 1 Hackware . | . . . Protection 3 | . . 3 Artifact . | . . . Weapon 24 | 2 8 14 Energy Gun 6 | . . 6 Energy Cannon 2 | . . 2 Ballistic Gun 10 | 2 5 3 Ballistic Cannon 2 | . . 2 Launcher 4 | . 3 1 Special Weapon . | . . . Impact Weapon . | . . . Slashing Weapon . | . . . Piercing Weapon . | . . . Special Melee Weapon . | . . . Unidentified Prototypes 2 | . . 2 Parts Lost 17 | . 3 14 Power 2 | . . 2 Propulsion 6 | . 2 4 Utility 3 | . . 3 Weapon 6 | . 1 5 Highest Loss Streak 6 | . 1 6 To Critical Strikes . | . . . Average Slot Usage (%) 97 | . 98 95 Engine 12 | . 14 10 Wheel 23 | . 27 20 Device 11 | . 12 10 Storage 12 | . 14 11 Processor 8 | . 1 15 Protection 2 | . . 5 Energy Gun 4 | . . 9 Ballistic Gun 17 | . 26 7 Ballistic Cannon 1 | . . 3 Naked Turns . | . . . Heaviest Build 36 | 14 28 36 Greatest Support 32 | 32 32 20 Greatest Overweight (x) 11 | . 1 11 Average Overweight (x) . | . . 1 Largest Inventory Capacity 15 | 8 15 15 Average Capacity 13 | 7 13 15 Most Carried 15 | 8 15 15 Average Carried 13 | 3 12 14 Final Capacity 15 | 8 15 15 Final Carried 15 | 8 15 15 Class Distribution -------------------- 57% | Mutant 23% | Scavenger-Mutant 15% | Skirmisher 3% | Scavenger-Skirmisher Dominant Class ---------------- Mutant | -10/Materials Scavenger-Mutant | -9/Materials Resources | -11 -10 -9 ----------- Run | Jun Mat Mat Matter Collected 1401 | 332 528 541 Remotely . | . . . Salvage Created 1807 | 140 507 1160 Parts 127 | 9 42 76 Haulers Intercepted 5 | . 1 4 Recyclers Shooed 5 | . 3 2 Parts Field Recycled . | . . . Retrieved Matter . | . . . Parts Self-Destructed . | . . . Prevented . | . . . Kills | -11 -10 -9 ------- Run | Jun Mat Mat Combat Hostiles Destroyed 30 | . 14 16 Guns 18 | . 7 11 Cannons 5 | . . 5 AOE 7 | . 7 . Classes Destroyed 12 | 2 5 5 Worker 4 | . . 4 Builder 2 | . 1 1 Tunneler 4 | 3 1 . Hauler 5 | . 1 4 Recycler 4 | 1 2 1 Mechanic 1 | . . 1 Watcher 7 | . 3 4 Swarmer 9 | . 9 . Grunt 15 | . 5 10 Brawler 1 | . . 1 Duelist 1 | . . 1 Sentry 4 | . . 4 Best Kill Streak 8 | 3 8 8 Combat Bots Only 6 | . 6 4 Max Kills in Single Turn 2 | 1 2 2 Gunslinging . | . . . Exploded 1 | . 1 . Melee . | . . . Uniques/NPCs Destroyed . | . . . Combat | -11 -10 -9 -------- Run | Jun Mat Mat Damage Taken 2223 | . 653 1570 Core 598 | . 196 402 Absorbed by Shields . | . . . Redirected to Shielding 8 | . . 8 Regen/Repaired (Parts) 98 | . 98 . Core Remaining (%) 60 | 100 21 . Volleys Fired 188 | 13 69 106 Largest 2 | 2 2 2 Hottest 112 | 40 50 112 Shots Fired 344 | 26 133 185 Gun 299 | 26 123 150 Cannon 29 | . . 29 Launcher 16 | . 10 6 Special . | . . . Kinetic 239 | 26 123 90 Thermal 75 | . . 75 Explosive 16 | . 10 6 Electromagnetic 14 | . . 14 Robot Hit Streak 14 | 3 10 14 Robot Miss Streak 7 | 6 6 7 Penetration Max . | . . . Secondary Targets 1 | . . 1 Max Gunslinging Chain 1 | . . 1 Shots Hit Robots 205 | 13 67 125 Core Hits 96 | 5 37 54 Critical Kills 1 | . 1 . Critical Parts Destroyed . | . . . Critical Strikes 10 | . 1 9 Burn 7 | . . 7 Destroy 1 | . 1 . Blast 2 | . . 2 Melee Attacks . | . . . Impact . | . . . Slashing . | . . . Piercing . | . . . Sneak Attacks . | . . . Combat Hostiles . | . . . Follow-up Attacks . | . . . Damage Inflicted 2884 | 165 1116 1603 Guns 2068 | 165 635 1268 Cannons 335 | . . 335 Explosions 481 | . 481 . Melee . | . . . Ramming . | . . . Kinetic 1484 | 165 635 684 Thermal 734 | . . 734 Explosive 481 | . 481 . Electromagnetic 185 | . . 185 Impact . | . . . Slashing . | . . . Piercing . | . . . Highest Corruption 1 | . . 1 Average Corruption 1 | . . 1 Corruption Purged . | . . . Corruption Blocked . | . . . Effects 8 | . . 8 Message Errors 4 | . . 4 Matter Fused 1 | . . 1 Data Loss (major) 1 | . . 1 Alerts 1 | . . 1 Weapon Failures 1 | . . 1 Overload Shots . | . . . Overflow Damage . | . . . Projectiles . | . . . Explosions . | . . . Melee . | . . . Knockbacks 7 | . . 7 Impact . | . . . Kinetic 7 | . . 7 Secondary . | . . . Self-Inflicted Damage 57 | . 57 . Shots 2 | . 2 . Rammed . | . . . Targets Rammed . | . . . Kicked . | . . . Crushed . | . . . Highest Temperature 391 | . 12 391 Average Temperature 67 | . 6 73 Received Heat Transfer 906 | . 192 714 Siege Activations . | . . . Robots Corrupted . | . . . Combat Hostiles . | . . . Parts Fried . | . . . Impact Corruptions . | . . . Robots Melted . | . . . Combat Hostiles . | . . . Parts Melted 3 | . . 3 Heat Transferred 2273 | . . 2273 Parts Sabotaged . | . . . Parts Stolen . | . . . Parts Stripped . | . . . Power Chain Reactions . | . . . Missiles Intercepted . | . . . Alert | -11 -10 -9 ------- Run | Jun Mat Mat Peak Influence 361 | 20 361 321 Initial 13 | . 13 . Average 112 | 8 129 106 Maximum Alert Level 1 | . 1 1 Low Security (%) 81 | 100 83 78 Level 1 18 | . 16 21 Level 2 . | . . . Level 3 . | . . . Level 4 . | . . . Level 5 . | . . . High Security . | . . . Max Security . | . . . Squads Dispatched 5 | . 2 3 Investigation 4 | . 1 3 Extermination . | . . . Reinforcement 1 | . 1 . Assault . | . . . Garrison . | . . . Intercept . | . . . Searches Triggered . | . . . Construction Impeded . | . . . Haulers Reinforced . | . . . Active Scanning Responses . | . . . Cargo Convoy Interrupts . | . . . Stealth | -11 -10 -9 --------- Run | Jun Mat Mat Distress Signals 6 | . 3 3 Communications Jammed . | . . . Distress Signals . | . . . Times Spotted 53 | . 22 31 Peak Tracking Total 5 | . 5 5 Tactical Retreats 3 | . . 3 Traps | -11 -10 -9 ------- Run | Jun Mat Mat Traps Triggered 2 | . 1 1 Indirectly . | . . . Trap Hack Attempts . | . . . Triggered . | . . . Disarmed . | . . . Reprogrammed . | . . . Reused . | . . . Traps Extracted . | . . . Installed . | . . . Triggered . | . . . Machines | -11 -10 -9 ---------- Run | Jun Mat Mat Machines Disabled 3 | . . 3 Max in Single Turn 1 | . . 1 Machines Repaired . | . . . Machines Sabotaged . | . . . Overloaded Fab Kills . | . . . Hacking | -11 -10 -9 --------- Run | Jun Mat Mat Machines Accessed 13 | . 10 3 Terminals 9 | . 7 2 Fabricators . | . . . Repair Stations 1 | . 1 . Recycling Units 2 | . 2 . Scanalyzers 1 | . . 1 Garrison Access . | . . . Total Hacks 34 | . 22 12 Successful 18 | . 9 9 Failed 16 | . 13 3 Catastrophic 6 | . 5 1 Database Lockouts . | . . . Manual 12 | . 9 3 Terminals 21 | . 14 7 Fabricators . | . . . Repair Stations 6 | . 6 . Recycling Units 2 | . 2 . Scanalyzers 5 | . . 5 Garrison Access . | . . . Terminal Hacks 7 | . 3 4 Record 1 | . . 1 Robot Analysis 1 | . . 1 Prototype ID Bank 1 | . . 1 Alert Level 1 | . . 1 Locate Traps 1 | . 1 . Zone Layout 2 | . 2 . Fabricator Hacks . | . . . Repair Station Hacks 4 | . 4 . Scan Component 2 | . 2 . Repair 2 | . 2 . Recycling Unit Hacks 2 | . 2 . Report Inventory 2 | . 2 . Scanalyzer 5 | . . 5 Insert Component 2 | . . 2 Analyze 3 | . . 3 Garrison Access Hacks . | . . . Unauthorized Hacks . | . . . Terminals . | . . . Fabricators . | . . . Repair Stations . | . . . Recycling Units . | . . . Scanalyzers . | . . . Garrison Access . | . . . Data Cores Recovered . | . . . Used . | . . . Hacking Detections 12 | . 9 3 Full Trace Events 2 | . . 2 Feedback Events . | . . . Feedback Blocked . | . . . Robot Schematics Acquired . | . . . Robots Built . | . . . Authchips . | . . . Time . | . . . Total Robot Build Rating . | . . . Part Schematics Acquired 2 | . . 2 Parts Built . | . . . Authchips . | . . . Time . | . . . Total Part Build Rating . | . . . Parts Repaired 2 | . 2 . Time 52 | . 52 . Parts Recycled . | . . . Recycled Matter . | . . . Retrieved Matter . | . . . Retrieved Components . | . . . Parts Scanalyzed 2 | . . 2 Part Schematics Acquired 2 | . . 2 Parts Damaged . | . . . Bothacking | -11 -10 -9 ------------ Run | Jun Mat Mat Used RIF Installer . | . . . Robots Hacked . | . . . Non-combat . | . . . Combat . | . . . Robot Hacks Applied . | . . . Relay Couplers Released . | . . . Fabnet Peak Effective % . | . . . Robots Rewired . | . . . Allies Hacked . | . . . Hacks Repelled . | . . . Allies | -11 -10 -9 -------- Run | Jun Mat Mat Total Allies . | . . . Largest Group . | . . . Highest-Rated Group . | . . . Highest-Rated Ally . | . . . Total Orders . | . . . Ally Attacks . | . . . Total Damage . | . . . Kills . | . . . Allies Corrupted . | . . . Allies Melted . | . . . Intel | -11 -10 -9 ------- Run | Jun Mat Mat Robot Analysis Total 1 | . . 1 Derelict Logs Recovered . | . . . Drone Launches . | . . . Drone Recoveries . | . . . Exploration | -11 -10 -9 ------------- Run | Jun Mat Mat Turns Passed 2799 | 134 1337 1328 Spaces Moved 2053 | 79 1062 912 Core 5 | 2 . 3 Treads . | . . . Legs . | . . . Wheels 2048 | 77 1062 909 Hover . | . . . Flight . | . . . Fastest Speed 50 | 50 80 95 Average Speed 96 | 98 95 96 Slowest Speed 600 | 100 100 600 Overloaded Moves . | . . . Propulsion Burnouts . | . . . Robots Hopped . | . . . Cave-ins Triggered . | . . . Exploration Rate (%) 52 | 4 99 55 Regions Visited 2 Branch Regions . Pre-discovered Areas . | . . . Known Exits Taken 1 | . 1 . Unknown Exits Taken 1 | 1 . . Scrap Searched . | . . . Spaces Dug 40 | . . 40 Terrain Destroyed 83 | . 43 40 Melee . | . . . Projectile . | . . . AOE 83 | . 43 40 Terrain Rammed . | . . . Walls Destroyed . | . . . Machines Disabled . | . . . Actions | -11 -10 -9 --------- Run | Jun Mat Mat Total 2565 | 107 1273 1185 Wait 186 | . 96 90 Move 2051 | 78 1061 912 Hop . | . . . Pick Up 48 | 8 16 24 Fast Attach 14 | 7 2 5 Attach 15 | . 2 13 Detach . | . . . Swap 30 | 1 14 15 Drop 33 | . 13 20 Fire 188 | 13 69 106 Melee . | . . . Ram . | . . . Kick . | . . . Crush . | . . . Escape Stasis . | . . . Rewire . | . . . Trap . | . . . Miscellaneous . | . . . Route ------- -11/Junkyard -10/Materials (discovered 5 exits: *Mat x3 / *Min x2) -9/Materials (discovered 2 exits: *Mat / *Min) History --------- Turn | Location | Event 29 | -11/Junkyard | Discovered new exit (range 15) 135 | -11/Junkyard | Entered Materials 135 | -10/Materials | Discovered new exit (range 13) 225 | -10/Materials | Discovered new exit (range 16) 327 | -10/Materials | Build established: Mutant 519 | -10/Materials | Core integrity fell below 50% 526 | -10/Materials | Discovered new exit (range 14) 701 | -10/Materials | Discovered new exit (range 7) 775 | -10/Materials | Repaired Grenade Launcher 802 | -10/Materials | Repaired Lgt. Assault Rifle 979 | -10/Materials | Discovered new exit (range 16) 1356 | -10/Materials | Identified exit to Mines 1471 | -10/Materials | Identified exit to Materials 1472 | -10/Materials | Entered another Materials area 1472 | -9/Materials | Evolved 2 slots: Utility x2 2076 | -9/Materials | Lost 6 parts (1p1n2u2w) 2146 | -9/Materials | Core integrity fell below 50% 2177 | -9/Materials | Discovered new exit (range 15) 2220 | -9/Materials | Lost 6 parts (1p2n1u2w) 2337 | -9/Materials | Identified exit to Materials 2498 | -9/Materials | Build established: Scavenger-Mutant 2576 | -9/Materials | Core integrity fell below 20% 2584 | -9/Materials | Discovered new exit (range 6) 2588 | -9/Materials | Identified exit to Mines 2800 | -9/Materials | Destroyed by G-34 Mercenary with Small Laser Last Messages --------------- that retains the generation efficiency of its standard version but minimizes built-in battery space to reduce weight for certain robot designs, especially those with strict weight restrictions such as hovering and flight-based models. 02683_ ALERT: Suspicious activity at Terminal M009. Dispatching Investigation squad. 02711_ U-05 Engineer suffers critical hit (Burn). 02711_ Wheel melted. 02711_ Lgt. Ion Engine melted. 02711_ U-05 Engineer destroyed. 02711_ K-01 Serf destroyed. 02714_ Acquired 3 matter. 02728_ Dropped Ion Engine. 02729_ Acquired 10 matter. 02730_ SDBUXKN 7COPLSDCO5BJC CKAMIR1 02732_ Dropped Wheel. 02736_ Acquired 10 matter. 02762_ XHM/NQK112EZZ319JGB4N 02784_ Beam Rifle destroyed. 02786_ System corrupted: Hvy. Assault Rifle jammed. Map ----- +----------------------------------------------------+ | ????????????????????????????????????###????##"""## | | ???????????????????????????????##??? ???##"|||"# | | ??????????? ???????"????#????? # """ """ #"" "" | | ????????????????????????# """ ## """ """ # | | ?????????????????????#??# ## """ """ # > | | ??????????????????????#?# """ ## # | | ????????? ???########## """ #? # | | ????????? ?#?# # """ #?? ## # | | ??? ?? #??# """# ??#?? * ???## ## | | ?# ?? ???# """###+#########+####### # | | ?# "" ???# """# [![[!%!%[ [ + | | ? T" "??# / ! ==%=[![] !!*= %= # | | ??? "" T??# """# [ %*[[[*%%]%[!%* =%* # | | ???? "??# """# ![#+#####+####+#### #? | | ????? "??# """# !#[??? !# ?# #? | | ?????? #??# + +??"" # # #? | | ??????? #??########## #####x""" # # #? | | ????????# ############# #???# """ # # #? | | ????????# # =*x #???? # #=#? | | ????????# # % #######???# x # #=#? | | ????????# + [ """ #??##??#??# "Y" ########%#? | | #???????# # """ #????????## """ #??#???#!#? | | ?#??????# # """ #?????????# #??#?###/## | | ????????# #########??####???# ########????#%=%![ | | ????????# #?????????##! ##??##????????????#! !%[ | | ??T???#?# ####??????#! @#######????????#??#"!!=! | | ????????# # #?????##! #????????#??#"""[ | | ????????# #??????#! gg #############""" | | ?? ? ??# # #??#???#! g / = | | ?????#??# ####??????##! ###### ######+# | | ????????# #??????????#### #????# !!=#????#%# | | ????????# #?????????????#########??# !%!#????#*# | | ????????# ##????????????# ]] #??# !!!#????# # | | ???#????#% #????????#????# ]] #??# ####?# # | | ????????# #?????????????# ] #??# #?# # | | ######### #???????????#?# #??# ##### #?# # | | #?????????##### #??# #???# #?# # | | ##??????### #####??# #???# #?# # | | ########## #????# #???# #?# # | | +######## # ## ###### #???# #?# # | | ????????# # # # #???# #?# # | | ????????# # # ######+##### #?# # | | ???? ???# # """ # # # ## #?# # | | ????????# + """"" ### ## ## #?# # | | ??????## # """"" # # ## ## #?#%# | | #####???# #=""""" # = + ## ## ### # | | """ #???# # """ = # # ############ ## # | | """ #???# # ! #! ! # ###????# T ## # | | """ #???# ###+######!! # # ??# ### ## # | | #???# #?# ###??#!! # # # #?###### # | +----------------------------------------------------+ Best States ------------- Heat Dissipation 28 Energy Generation 10 Energy Capacity 250 Matter Stores 300 Matter Capacity 300 Sight Range 18 Robot Scan Range 14 Terrain Scan Range 16 Terrain Scan Density 10 Armor Coverage 225 Power Shielding 33 Evasion (%) 44 Item Schematics ----------------- Grenade Launcher | -9/Materials | Scanalyzed Ion Engine | -9/Materials | Scanalyzed Robot Schematics ------------------ None Fabricated ------------ Nothing Alien Tech Used ----------------- None Achievements -------------- None Challenges ------------ None Game ------ Seed AuthchipPhysicsStick Manual? 0 Play Time 00:41:02 Cumulative 40.7 hours Start 2024.02.15 @ 18:30:14 End 2024.02.15 @ 19:06:16 Sessions 1 Manual Loads 0 Difficulty Rogue Special Mode None Game No. 31 Rogue 31 Adventurer 0 Explorer 0 Win Type - Total 0 Types 0/0/0/0/0/0/0/0/0 Lore% 22 Gallery% 29 Achievement% 23 Wizard Run 0 Options --------- ASCII 0 Keyboard 1 Movement Vi Keybinds 0 Fullscreen 1 Font 18/Terminus Map View 76x50 Tactical HUD 1 Map Filters NONE Filters NONE Steam 1 RUN: 1b5edc29-7547-4ba3-a02a-1b9fe758636e